 Dungeon Crawl Stone Soup version 0.29.1-13-g9f3cf754e1 (webtiles) character file.

Game seed: 13456706588393619841

266 Wobber the Grasshopper (level 6, -12/47 HPs)
             Began as a Gnoll Wanderer on Feb 12, 2023.
             Mangled by an iguana (13 damage)
             ... on level 4 of the Dungeon.
             The game lasted 00:09:21 (4576 turns).

Wobber the Grasshopper (Gnoll Wanderer)             Turns: 4576, Time: 00:09:22

Health: -12/47     AC:  4    Str: 11    XL:     6   Next: 20%
Magic:  11/11      EV: 13    Int: 13    God:
Gold:   163        SH:  0    Dex: 12    Spells: 7/11 levels left

rFire   . . .      SeeInvis .   q - +1 whip (venom)
rCold   . . .      Faith    .   (no shield)
rNeg    . . .      Spirit   .   e - +0 leather armour
rPois   .          Reflect  .   (no helmet)
rElec   .          Harm     .   (no cloak)
rCorr   .          Rampage  .   k - +0 pair of gloves
Will    .....                   (no boots)
Stlth   ++........              (no amulet)
HPRegen 0.15/turn               (no ring)
MPRegen 0.12/turn               (no ring)

@: invisible
A: fangs 1, strong nose, distributed training
a: no special abilities


You were on level 4 of the Dungeon.
You visited 1 branch of the dungeon, and saw 4 of its levels.

You collected 163 gold pieces.

Inventory:

Hand Weapons
 h - a +2 dagger of electrocution
 q - a +1 whip of venom (weapon)
 u - a +0 sling
Armour
 e - a +0 leather armour (worn)
 k - a +0 pair of gloves (worn)
 w - a +0 tower shield
Magical Staves
 a - a staff of cold
Wands
 o - a wand of polymorph (10)
 r - a wand of flame (21)
Scrolls
 b - a scroll of enchant weapon {unknown}
 c - 2 scrolls of teleportation
 f - 2 scrolls of poison {unknown}
 i - a scroll of fear {unknown}
 l - a scroll of brand weapon {unknown}
 m - a scroll of butterflies {unknown}
 n - 2 scrolls of vulnerability {unknown}
 s - a scroll of immolation {unknown}
 v - a scroll of identify {unknown}
Potions
 d - a potion of berserk rage
 g - a potion of flight {unknown}
 j - 4 potions of invisibility
 p - 3 potions of curing {unknown}
 t - a potion of mutation {unknown}
 x - a potion of might {unknown}
 z - a potion of attraction {unknown}


   Skills:
 + Level 3.2 Fighting
 + Level 1.9 Short Blades
 + Level 1.9 Long Blades
 + Level 1.9 Axes
 + Level 1.9 Maces & Flails
 + Level 1.9 Polearms
 + Level 1.9 Staves
 + Level 1.9 Ranged Weapons
 + Level 1.9 Throwing
 + Level 1.9 Armour
 + Level 5.0 Dodging
 + Level 4.6 Stealth
 + Level 1.9 Shields
 + Level 1.9 Unarmed Combat
 + Level 3.4 Spellcasting
 + Level 1.5 Conjurations
 + Level 1.5 Hexes
 + Level 1.5 Summonings
 + Level 1.5 Necromancy
 + Level 5.6 Translocations
 + Level 1.5 Transmutations
 + Level 1.5 Fire Magic
 + Level 1.5 Ice Magic
 + Level 1.5 Air Magic
 + Level 1.5 Earth Magic
 + Level 1.5 Poison Magic
 + Level 3.3 Invocations
 + Level 1.9 Evocations


You had 7 spell levels left.
You knew the following spells:

 Your Spells              Type           Power      Damage    Failure   Level
a - Apportation           Tloc           32%        N/A       2%          1
b - Gell's Gravitas       Tloc           16%        N/A       9%          3

Your spell library contained the following spells:

 Spells                   Type           Power      Damage    Failure   Level


Dungeon Overview and Level Annotations

Branches:
Dungeon (4/15)
 Temple: D:4-7

Altars:
Uskayaw


Innate Abilities, Weirdness & Mutations

You have very sharp teeth.
Your uncanny sense of smell can sniff out nearby items.
Your experience applies equally to all skills.


Message History

You hit the quokka.
The quokka is poisoned.
The quokka is almost dead.
You kill the quokka!
The kobold hits you with a +0 whip of flaming.
The kobold burns you.
You hit the orc. You bite the orc, but do no damage.
The orc is severely wounded.
The kobold barely misses you. The orc barely misses you.
You hit the kobold.
You kill the kobold!
You hit the orc.
The orc is poisoned.
You bite the orc, but do no damage.
The orc is almost dead.
The orc closely misses you.
You hit the orc.
You kill the orc!
You hit the iguana. You bite the iguana, but do no damage.
The iguana is lightly wounded.
The iguana bites you!
You hit the iguana.
The iguana is poisoned.
Your bite misses the iguana.
The iguana is moderately wounded.
The iguana closely misses you.
You barely miss the iguana.
The iguana is moderately wounded.
The iguana closely misses you.
You barely miss the iguana. You bite the iguana.
The iguana is moderately wounded.
The iguana barely misses you.
You hit the iguana but do no damage.
The iguana looks as sick as possible!
The iguana is heavily wounded.
The iguana barely misses you.
You hit the iguana but do no damage.
The iguana is heavily wounded.
The iguana bites you!
* * * LOW HITPOINT WARNING * * *
The iguana attacks as you move away! The iguana bites you.
* * * LOW HITPOINT WARNING * * *
It was a potion of invisibility.
You fade into invisibility!
The iguana bites you!
You die...

#. ...................
#..##?................
....#..................
..............#........
.............#####.....
..............### .##..
...................# ..
..............##..#
#.....#@......# .#
#......l#.##...# #
##.###)#### ##... #.
#.†# .## # ..... .
........ #.......<.
............
##...........


You could see an iguana (unable to see you, very poisoned).

Vanquished Creatures
  Natasha (thrice) (D:2)
  2 orc wizards (D:3)
  Ijyb (D:3)
  3 adders
  An ufetubus (D:3)
  2 worms
  3 dart slugs
  9 orcs
  4 ball pythons
  A bat (D:1)
  8 endoplasms
  6 goblins
  9 hobgoblins
  2 jackals (D:4)
  7 quokkas
  2 frilled lizards (D:2)
  7 kobolds
  11 rats
81 creatures vanquished.

Notes
Turn   | Place    | Note
-------+----------+-------------------------------------------
     0 | D:1      | Wobber the Gnoll Wanderer began the quest for the Orb.
     0 | D:1      | Wobber set off with the following items: a +0 dagger, 2
                  | throwing nets, a scroll of teleportation, a potion of
                  | berserk rage, a +0 leather armour; and the following spell
                  | memorised: Apportation; and the following spells available
                  | to memorise: Gell's Gravitas.
     0 | D:1      | Reached XP level 1. HP: 17/17 MP: 4/4
   191 | D:1      | Reached XP level 2. HP: 23/23 MP: 5/5
   770 | D:1      | Reached XP level 3. HP: 28/28 MP: 7/7
  1274 | D:2      | Found a hide-covered altar of Uskayaw.
  1614 | D:2      | Reached skill level 1 in Short Blades
  1614 | D:2      | Reached skill level 1 in Long Blades
  1614 | D:2      | Reached skill level 1 in Axes
  1614 | D:2      | Reached skill level 1 in Maces & Flails
  1614 | D:2      | Reached skill level 1 in Polearms
  1614 | D:2      | Reached skill level 1 in Staves
  1614 | D:2      | Reached skill level 1 in Ranged Weapons
  1614 | D:2      | Reached skill level 1 in Throwing
  1614 | D:2      | Reached skill level 1 in Armour
  1614 | D:2      | Reached skill level 1 in Shields
  1614 | D:2      | Reached skill level 1 in Unarmed Combat
  1614 | D:2      | Reached skill level 1 in Evocations
  1866 | D:2      | Reached XP level 4. HP: 34/34 MP: 8/8
  2099 | D:2      | Found a faded altar of an unknown god.
  2110 | D:2      | Noticed Natasha
  2118 | D:2      | Killed Natasha
  2119 | D:2      | Reached skill level 1 in Conjurations
  2119 | D:2      | Reached skill level 1 in Hexes
  2119 | D:2      | Reached skill level 1 in Summonings
  2119 | D:2      | Reached skill level 1 in Necromancy
  2119 | D:2      | Reached skill level 1 in Transmutations
  2119 | D:2      | Reached skill level 1 in Fire Magic
  2119 | D:2      | Reached skill level 1 in Ice Magic
  2119 | D:2      | Reached skill level 1 in Air Magic
  2119 | D:2      | Reached skill level 1 in Earth Magic
  2119 | D:2      | Reached skill level 1 in Poison Magic
  2136 | D:2      | Noticed Natasha
  2410 | D:2      | Killed Natasha
  2411 | D:2      | Reached XP level 5. HP: 24/40 MP: 9/9
  2576 | D:2      | Noticed Natasha
  2587 | D:2      | Killed Natasha
  3060 | D:3      | Noticed Ijyb
  3067 | D:3      | Identified the ring of Xithrycw {Fly rC+ Will+ Dex+4
                  | Stlth-}
  3770 | D:3      | Killed Ijyb
  3957 | D:3      | Reached XP level 6. HP: 18/47 MP: 9/11
  4325 | D:3      | Learned a level 3 spell: Gell's Gravitas
  4371 | D:3      | Reached skill level 5 in Dodging
  4575 | D:4      | HP: 1/47 [iguana (6)]
  4576 | D:4      | Mangled by an iguana

Illustrated notes

Levels and vault maps discovered:
D:1:      spicycebolla_arrival_xxxplode, layout_basic
D:2:      layout_basic, basic_altar, basic_ecumenical_altar,
          kennysheep_decorative_pillar, uniq_natasha
D:3:      layout_rooms, minmay_misc_feat_columns, uniq_ijyb
D:4:      layout_cave_pools, minmay_temple_entry_sparse_star,
          guppyfry_early_orc_mine

Skill      XL: |  1  2  3  4  5  6 |
---------------+-------------------+-----
Short Blades   | 1 |  1.9
Long Blades    | 1 |  1.9
Axes           | 1 |  1.9
Maces & Flails | 1 |  1.9
Polearms       | 1 |  1.9
Staves         | 1 |  1.9
Ranged Weapons | 1 |  1.9
Throwing       | 1 |  1.9
Armour         | 1 |  1.9
Shields        | 1 |  1.9
Unarmed Combat | 1 |  1.9
Evocations     | 1 |  1.9
Spellcasting   | 3 |  3.4
Conjurations   | 1 |  1.5
Hexes          | 1 |  1.5
Summonings     | 1 |  1.5
Necromancy     | 1 |  1.5
Transmutations | 1 |  1.5
Fire Magic     | 1 |  1.5
Ice Magic      | 1 |  1.5
Air Magic      | 1 |  1.5
Earth Magic    | 1 |  1.5
Poison Magic   | 1 |  1.5
Invocations    | 3 |  3.3
Fighting       | 3 |  3.2
Dodging        | 5 |  5.0
Stealth        | |  4.6
Translocations | |  5.6

Action                   |  1- 3 |  4- 6 || total
-------------------------+-------+-------++-------
Melee: Dagger            |   109 |    13 ||   122
       Bite              |     7 |    10 ||    17
       Whip              |       |   131 ||   131
       Punch             |       |     3 ||     3
Throw: Throwing net      |     1 |     2 ||     3
 Cast: Gell's Gravitas   |       |     1 ||     1
  Use: Potion            |       |     1 ||     1
 Stab: Sleeping          |     9 |     9 ||    18
Armor: Leather armour    |    36 |    25 ||    61
Dodge: Dodged            |    72 |   101 ||   173
